 Dungeon Crawl Stone Soup version 0.25-a0-496-g8c4878dea3 (webtiles) character file.

Game seed: 7219895699408659482, levelgen mode: deterministic

0 Gargoyl the Skirmisher (level 1, -9/19 HPs)
             Began as a Centaur Abyssal Knight on Feb 12, 2020.
             Was a Follower of Lugonu.
             Mangled by a tentacled starspawn (25 damage)
             ... on level 2 of the Abyss.
             The game lasted 00:00:28 (155 turns).

Gargoyl the Skirmisher (Centaur Abyssal Knight)      Turns: 155, Time: 00:00:29

Health: -9/19      AC:  4    Str: 14    XL:     1   Next: 0%
Magic:  2/2        EV:  9    Int: 11    God:    Lugonu [*.....]
Gold:   60         SH:  0    Dex:  8    Spells: 0/0 levels left

rFire    . . .     SeeInvis .   a - +1 hand axe
rCold    . . .     Gourm    .   (no shield)
rNeg     . . .     Faith    .   b - +0 leather armour
rPois    .         Spirit   .   (no helmet)
rElec    .         Reflect  .   (no cloak)
rCorr    .         Harm     .   (no gloves)
MR       .....                  (no barding)
Stlth    ..........             (no amulet)
HPRegen  0.06/turn              (no ring)
MPRegen  0.08/turn              (no ring)

@: confused, very quick
A: large, hooves 3, deformed body, speed 2, tough skin 3
a: Depart the Abyss, Renounce Religion


You were on level 2 of the Abyss.
You worshipped Lugonu.
Lugonu was aware of your devotion.
You were not hungry.

You visited 0 branches of the dungeon, and saw 0 of its levels.
You visited the Abyss 1 time.

You collected 60 gold pieces.

Inventory:

Hand Weapons
 a - a +1 hand axe (weapon)
Armour
 b - a +0 leather armour (worn)
Wands
 d - a wand of acid (4)
Potions
 e - a potion of haste {unknown}
Comestibles
 c - 3 rations


   Skills:
 + Level 3.0 Fighting
 + Level 1.7 Axes
 + Level 1.3 Armour
 + Level 0.6 Dodging
 + Level 2.0 Invocations


You couldn't memorise any spells.
You didn't know any spells.
Your spell library contained the following spells:

 Spells                   Type           Power        Failure   Level  Hunger
 Corona                   Hex            #......      41%         1    ##.....
 Slow                     Hex            #.......     54%         2    ###....
 Inner Flame              Hex/Fire       #.......     78%         3    ####...
 Portal Projectile        Hex/Tloc       #.....       78%         3    ####...
 Cause Fear               Hex            #.........   99%         4    #####..
 Leda's Liquefaction      Hex/Erth       #.........   99%         4    #####..


Dungeon Overview and Level Annotations

Branches:
Dungeon (0/15)

Altars:


Innate Abilities, Weirdness & Mutations

You have hooves in place of feet.
Armour fits poorly on your strangely shaped body.
You cover ground very quickly.
You have extremely tough skin. (AC +3)


Message History

The starspawn tentacle constricts you.
The starspawn tentacle loses its grip on you.
The tentacle pulls you backwards! The golden eye blinks at you.
You are more confused.
You bump into the rock wall.
The golden eye blinks at you.
You are more confused.
The golden eye turns its gaze towards you.
The golden eye turns its gaze towards you.
The golden eye pulsates ominously.
The golden eye blinks at you.
You are more confused.
You completely miss the golden eye. Your kick misses the golden eye.
You hit the tentacled starspawn. The golden eye blinks at you.
You are more confused.
The tentacled starspawn bites you!!
Ouch! That really hurt!
You die...

..... . #..##..#
..###..#
#........ .. ..
.## ##.......
... #..#.# .
##..##..# ..# #
.## #
#...##..##..## .
. ..
####............
#.#. #. .#
............
#..#.
.#.#...##G.##│.#
## ..#.##
##..##@X# #
.#### ##
#......──.... ..
# #............
# .##
#....##..##..##
.# .
..##..##.##..#
..# . . .##
....... ... ..
#.. . # ......
.. ####.


You could see a tentacled starspawn and a golden eye.

Vanquished Creatures (others)
  A starspawn tentacle (Abyss:2)
1 creature vanquished.

Notes
Turn   | Place    | Note
-------+----------+-------------------------------------------
     0 | Abyss:1  | Gargoyl the Centaur Abyssal Knight began the quest for the
                  | Orb.
     0 | Abyss:1  | Reached XP level 1. HP: 19/19 MP: 2/2
    39 | Abyss:1  | Noticed a small abomination
    86 | Abyss:2  | Noticed a sixfirhy
   137 | Abyss:2  | Noticed a golden eye
   146 | Abyss:2  | Noticed a tentacled starspawn
   147 | Abyss:2  | Noticed a small abomination
   155 | Abyss:2  | Mangled by a tentacled starspawn

Levels and vault maps discovered:
Abyss:2:  hangedman_abyss_batty_box

Action                   || total
-------------------------++-------
Melee: Hand axe          ||     1
  Use: Scroll            ||     1
       Potion            ||     1

Table legend:
 A = Non-vault XP
 B = Vault XP
 C = Vault XP percentage of total XP
 D = Non-vault monster count
 E = Vault monster count
 F = Vault count percentage of total count
                 A         B        C        D         E       F
            +---------+---------+-------+---------+---------+-------
      Total |       0 |       0 |   N/A |       0 |       0 |  -nan
            +---------+---------+-------+---------+---------+-------
            +---------+---------+-------+---------+---------+-------
